 Dungeon Crawl Stone Soup version 0.31-a0-1206-g41278d8d1d (webtiles) character file.

Game seed: 14767478392160409953

21 DApurpleWHUMPUS the Stinger (level 2, -2/23 HPs)
             Began as a Draconian Venom Mage on Dec 13, 2023.
             Slain by a gnoll
             ... wielding a +0 spear
              (6 damage)
             ... on level 1 of the Dungeon on Dec 14, 2023.
             The game lasted 00:03:33 (923 turns).

DApurpleWHUMPUS the Stinger (Draconian Venom Mage)   Turns: 923, Time: 00:03:33

Health: -2/23      AC:  4    Str: 10    XL:     2   Next: 65%
Magic:  5/5        EV: 12    Int: 15    God:
Gold:   68         SH:  0    Dex: 11    Spells: 5/6 levels left

rFire   . . .        i - +0 falchion (holy)
rCold   . . .        (no shield)
rNeg    . . .        (body armour unavailable)
rPois   .            (helmet restricted)
rElec   .            (no cloak)
rCorr   .            (no gloves)
SInv    .            (no boots)
Will    .....        (no amulet)
Stlth   ++           (no ring)
HPRegen 0.23/turn    (no ring)
MPRegen 0.09/turn

%: no passive effects
@: attractive
A: AC +4, unfitting armour, cold-blooded
a: no special abilities


You were on level 1 of the Dungeon.
You visited 1 branch of the dungeon, and saw 2 of its levels.

You collected 68 gold pieces.

Inventory:

Hand Weapons
 c - a +0 dagger
 i - a +0 falchion of holy wrath (weapon)
Scrolls
 d - a scroll of poison {unknown}
 h - a scroll of noise {unknown}
Potions
 a - a potion of magic
 b - a potion of degeneration {unknown}
 e - a potion of enlightenment {unknown}
 g - 2 potions of curing {unknown}


   Skills:
 + Level 1.2 Fighting
 - Level 1.7 Dodging
 - Level 1.7 Stealth
 * Level 2.8 Spellcasting
 - Level 1.0 Transmutations
 - Level 3.0 Poison Magic


You had 5 spell levels left.
You knew the following spells:

 Your Spells              Type           Power      Damage    Failure   Level
a - Sting                 Tmut/Pois      32%        1d4       9%          1

Your spell library contained the following spells:

 Spells                   Type           Power      Damage    Failure   Level
 Poisonous Vapours        Pois/Air       12%        N/A       17%         2
 Mephitic Cloud           Conj/Pois/Air  5%         N/A       38%         3
 Dazzling Flash           Conj/Hex       4%         N/A       52%         3
 Volatile Blastmotes      Fire/Tloc      4%         2d10      52%         3
 Olgreb's Toxic Radiance  Pois           11%        N/A       52%         4
 Simulacrum               Ice/Necr       1%         N/A       100%        6
 Starburst                Conj/Fire      1%         6d3       100%        6
 Ozocubu's Refrigeration  Ice            1%         4d7       100%        7
 Maxwell's Capacitive Co  Air            1%         ∞         100%        8
 Polar Vortex             Ice            1%         N/A       100%        9


Dungeon Overview and Level Annotations

Branches:
Dungeon (2/15)

Altars:


Innate Abilities, Weirdness & Mutations

Your plain brown scales are hard. (AC +4)
You cannot fit into any form of body armour.
You are cold-blooded and may be slowed by cold attacks.


Message History

Press ? for a list of commands and other information.
Done exploring.
Done exploring.
No target in view!
Done exploring.
Done exploring.
You can't see any susceptible monsters within range! (Use Z to cast anyway.)
You can't see any susceptible monsters within range! (Use Z to cast anyway.) No target in view!
What level of the Dungeon? (default 1, ? - help)
There is a stone staircase leading down here.
You climb downwards.
The gnoll shouts! x3
Found a club.
Found a faded altar of an unknown god.
Found two stone staircases leading up.
There is a stone staircase leading up here.
There are monsters nearby!
There are monsters nearby!
You closely miss the gnoll. The gnoll barely misses you. x2
The gnoll hits you with a +0 spear.
You hit the gnoll but do no damage. You tail-slap the gnoll.
The gnoll is heavily wounded.
The gnoll hits you but does no damage. The gnoll hits you with a +0 spear.
The gnoll closely misses you.
You hit the gnoll.
The gnoll is heavily wounded.
The gnoll barely misses you. The gnoll closely misses you.
The gnoll hits you with a +0 spear.
You are too injured to fight recklessly!
The gnoll hits you but does no damage. The gnoll hits you with a +0 whip.
The gnoll hits you with a +0 spear.
* * * LOW HITPOINT WARNING * * *
The gnoll barely misses you.
You climb upwards.
There is a stone staircase leading down here.
It was a potion of attraction.
You feel attractive to monsters. The gnoll completely misses you.
The gnoll barely misses you. The gnoll closely misses you.
The gnoll hits you with a +0 spear.
You die...

#.............# #.###########.#
#.# #.# #.# #.#########
####.####### #.........########
#..........# #########.#.......
#.##.#####.# ##...###.#.#.....
#.##.# #.######g....##....^....
#.##.# #.##..g@g.............#.
#.##.#####.##.###g....####.#.#.#.
#.##.......##.# ##...## #.#.....
#.#######..##.# ##.## #.###.#.
#.# ####..##.# #.# #.# #... #.#
#.....##.# #.## #.# #### #.#
#.##..##.# #..# #.######
#.####.######.# ##.# #.......
#.#≈§≈.≈≈≈###.# #.# ########


You could see 4 gnolls.

Vanquished Creatures
  2 ball pythons (D:1)
  4 bats (D:1)
  An endoplasm (D:1)
  2 giant cockroaches (D:1)
  A goblin (D:1)
  3 jackals (D:1)
  2 kobolds (D:1)
  A quokka (D:1)
  2 frilled lizards (D:1)
  A rat (D:1)
19 creatures vanquished.

Notes
Turn   | Place    | Note
-------+----------+-------------------------------------------
     0 | D:1      | DApurpleWHUMPUS the Draconian Venom Mage began the quest
                  | for the Orb.
     0 | D:1      | Reached XP level 1. HP: 14/14 MP: 3/3
   200 | D:1      | Reached XP level 2. HP: 22/22 MP: 1/5
   273 | D:1      | Reached skill level 1 in Fighting
   917 | D:2      | Found a faded altar of an unknown god.
   923 | D:1      | Slain by a gnoll

Illustrated notes

Levels and vault maps discovered:
D:1:      ncdulo_lavacross, layout_loops_ring
D:2:      layout_basic, nicolae_ecumenical_pavilion, uniq_natasha

Skill      XL: |  1  2 |
---------------+-------+-----
Fighting       | 1 |  1.2
Dodging        | |  1.7
Stealth        | |  1.7
Spellcasting   | |  2.8
Transmutations | |  1.0
Poison Magic   | |  3.0

Action                     || total
---------------------------++-------
  Melee: Unarmed           ||    15
         Tailslap          ||     9
         Falchion          ||    18
   Cast: Sting             ||    20
    Use: Potion            ||     1
   Stab: Sleeping          ||     2
 Armour: Skin              ||    31
  Dodge: Dodged            ||    44

Table legend: (Time is in decaauts)
 A = Elapsed time spent in this place.
 B = Non-inter-level travel time spent in this place.
 C = Inter-level travel time spent in this place.
 D = Time resting spent in this place.
 E = Time spent auto-exploring this place.
 F = Levels seen in this place.
 G = Mean time per level.
                   A        B        C        D        E       F      G
               +--------+--------+--------+--------+--------+-----+--------+
         Total |    928 |    878 |     50 |      0 |    713 |   2 |  464.0 |
       Dungeon |    928 |    878 |     50 |      0 |    713 |   2 |  464.0 |
               +--------+--------+--------+--------+--------+-----+--------+

Top non-repeatable levels by time:
     D:1: 922 daAuts
     D:2: 5 daAuts
